TOP OF THE 1ST |
Galesburg Guzzlers batting - Pitching for Put-In-Bay BC : RHP Juan Montoya
|
Pitching: RHP Juan Montoya
|
|
Batting: RHB Javier Vásquez
|
0-0: Swinging Strike 0-1: Swinging Strike 0-2: Fly out, F9 (Flyball, 89M)
|
Batting: SHB Albert Santos
|
0-0: Called Strike 0-1: Ball 1-1: Fly out, F8 (Flyball, 8RM)
|
Batting: RHB José López
|
0-0: Called Strike 0-1: Foul Ball, location: 2F 0-2: Ball 1-2: Foul Ball, location: 2F 1-2: Ball 2-2: Ground out 6-3 (Groundball, 6S)
|
Top of the 1st over - 0 run(s), 0 hit(s), 0 error(s), 0 left on base; Galesburg 0 - Put-In-Bay 0 |
BOTTOM OF THE 1ST |
Put-In-Bay BC batting - Pitching for Galesburg Guzzlers : RHP Sun-taek Ch'oe
|
Pitching: RHP Sun-taek Ch'oe
|
|
Batting: RHB Eddie Davis
|
0-0: Ball 1-0: Called Strike 1-1: Ball 2-1: Foul Ball, location: 2F 2-2: Ground out 5-3 (Groundball, 5)
|
Batting: LHB Felipe Martínez
|
0-0: Ball 1-0: Called Strike 1-1: Called Strike 1-2: Foul Ball, location: 2F 1-2: Strikes out swinging
|
Batting: RHB Pil-joong Pak
|
0-0: Ball 1-0: Ball 2-0: Called Strike 2-1: Ball 3-1: Ground out 6-3 (Groundball, 6)
|
Bottom of the 1st over - 0 run(s), 0 hit(s), 0 error(s), 0 left on base; Galesburg 0 - Put-In-Bay 0 |
TOP OF THE 2ND |
Galesburg Guzzlers batting - Pitching for Put-In-Bay BC : RHP Juan Montoya
|
Batting: RHB Ethan Miller
|
0-0: Swinging Strike 0-1: Ball 1-1: Foul Ball, location: 2F 1-2: Ball 2-2: Foul Ball, location: 2F 2-2: Strikes out swinging
|
Batting: SHB Chris Williamson
|
0-0: Foul Ball, location: 2F 0-1: Ground out 5-3 (Groundball, 15S)
|
Batting: SHB Jim Unknown
|
0-0: Called Strike 0-1: Swinging Strike 0-2: Foul Ball, location: 2F 0-2: Foul Ball, location: 2F 0-2: Ball 1-2: Ground out 3-1 (Groundball, 34S)
|
Top of the 2nd over - 0 run(s), 0 hit(s), 0 error(s), 0 left on base; Galesburg 0 - Put-In-Bay 0 |
BOTTOM OF THE 2ND |
Put-In-Bay BC batting - Pitching for Galesburg Guzzlers : RHP Sun-taek Ch'oe
|
Batting: LHB Yannick Hendriksen
|
0-0: Ball 1-0: Swinging Strike 1-1: Ball 2-1: Fly out, F3 (Popup, 13)
|
Batting: RHB Pedro Pérez
|
0-0: Ball 1-0: Ball 2-0: Called Strike 2-1: Foul Ball, location: 2F 2-2: Foul Ball, location: 2F 2-2: Foul Ball, location: 2F 2-2: Foul Ball, location: 2F 2-2: SINGLE (Line Drive, 6MD)
|
Batting: LHB José Ortega
|
0-0: Swinging Strike 0-1: Ball 1-1: Ground out 3-1 (Groundball, 34) Pedro Pérez to second
|
Batting: SHB Álex Gutiérrez
|
0-0: Foul Ball, location: 2F 0-1: Ball 1-1: SINGLE (Groundball, 13) (infield hit) Pedro Pérez to third
|
Batting: LHB Alan Hardy
|
0-0: Called Strike 0-1: Called Strike 0-2: Ball 1-2: Ball 2-2: Foul Ball, location: 2F 2-2: Ball 3-2: Foul Ball, location: 2F 3-2: Foul Ball, location: 2F 3-2: Foul Ball, location: 2F 3-2: Base on Balls Álex Gutiérrez to second
|
Batting: RHB Ken Little
|
0-0: Ball 1-0: Ball 2-0: Ground out 5-3 (Groundball, 5S)
|
Bottom of the 2nd over - 0 run(s), 2 hit(s), 0 error(s), 3 left on base; Galesburg 0 - Put-In-Bay 0 |
TOP OF THE 3RD |
Galesburg Guzzlers batting - Pitching for Put-In-Bay BC : RHP Juan Montoya
|
Batting: SHB Carlos Pérez
|
0-0: Ball 1-0: Called Strike 1-1: Foul Ball, location: 2F 1-2: Strikes out swinging
|
Batting: RHB Jim Unknown
|
0-0: Called Strike 0-1: Foul Ball, location: 2F 0-2: Ball 1-2: Foul Ball, location: 2F 1-2: Ground out 6-3 (Groundball, 6)
|
Batting: SHB José Macías
|
Single, Error in OF, E7, batter to second base
|
Batting: RHB Javier Vásquez
|
0-0: Ball 1-0: Foul Ball, location: 2F 1-1: Ground out 4-3 (Groundball, 4M)
|
Top of the 3rd over - 0 run(s), 1 hit(s), 1 error(s), 1 left on base; Galesburg 0 - Put-In-Bay 0 |
BOTTOM OF THE 3RD |
Put-In-Bay BC batting - Pitching for Galesburg Guzzlers : RHP Sun-taek Ch'oe
|
Batting: RHB Eddie Davis
|
0-0: Called Strike 0-1: Foul Ball, location: 2F 0-2: Ball 1-2: Foul Ball, location: 2F 1-2: Foul Ball, location: 2F 1-2: Foul Ball, location: 2F 1-2: Ball 2-2: Foul Ball, location: 2F 2-2: Ground out 5-3 (Groundball, 5)
|
Batting: LHB Felipe Martínez
|
0-0: Ball 1-0: SINGLE (Line Drive, 4D)
|
Batting: RHB Pil-joong Pak
|
0-0: Ball 1-0: Called Strike 1-1: Foul Ball, location: 2F 1-2: Foul Ball, location: 2F 1-2: Foul Ball, location: 2F 1-2: Foul Ball, location: 2F 1-2: Ball 2-2: Fly out, F7 (Flyball, 7M)
|
Batting: LHB Yannick Hendriksen
|
0-0: Called Strike 0-1: Ball 1-1: Ground out 3-1 (Groundball, 3L)
|
Bottom of the 3rd over - 0 run(s), 1 hit(s), 0 error(s), 1 left on base; Galesburg 0 - Put-In-Bay 0 |
TOP OF THE 4TH |
Galesburg Guzzlers batting - Pitching for Put-In-Bay BC : RHP Juan Montoya
|
Batting: SHB Albert Santos
|
0-0: SINGLE (Flyball, 7S)
|
Batting: RHB José López
|
0-0: Called Strike 0-1: Ball Albert Santos steals 2nd base 1-1: SINGLE (Flyball, 9S) Albert Santos to third Runner from 3rd tries for Home, SAFE, throw made home
|
Batting: RHB Ethan Miller
|
0-0: Swinging Strike 0-1: Ball 1-1: Called Strike 1-2: Foul Ball, location: 2F 1-2: Ground out 5-3 (Groundball, 56S) José López to second
|
Batting: SHB Chris Williamson
|
0-0: Ball 1-0: Called Strike 1-1: Ball 2-1: Called Strike 2-2: Strikes out looking
|
Batting: SHB Jim Unknown
|
0-0: Called Strike 0-1: Ball 1-1: SINGLE (Groundball, 2R) (infield hit) José López to third
|
Batting: SHB Carlos Pérez
|
0-0: Ball 1-0: Foul Ball, location: 2F 1-1: Ball 2-1: Swinging Strike 2-2: Strikes out swinging
|
Top of the 4th over - 1 run(s), 3 hit(s), 0 error(s), 2 left on base; Galesburg 1 - Put-In-Bay 0 |
BOTTOM OF THE 4TH |
Put-In-Bay BC batting - Pitching for Galesburg Guzzlers : RHP Sun-taek Ch'oe
|
Batting: RHB Pedro Pérez
|
0-0: Ball 1-0: Fly out, F8 (Flyball, 8LS)
|
Batting: LHB José Ortega
|
0-0: Foul Ball, location: 2F 0-1: Ball 1-1: Fly out, F3 (Line Drive, 34)
|
Batting: SHB Álex Gutiérrez
|
0-0: Foul Ball, location: 2F 0-1: SOLO HOME RUN (Flyball, 8RXD), Distance : 437 ft
|
Batting: LHB Alan Hardy
|
0-0: Ball 1-0: Swinging Strike 1-1: Called Strike 1-2: Ball 2-2: Ball 3-2: Base on Balls
|
Batting: RHB Ken Little
|
0-0: Ball 1-0: Called Strike 1-1: Foul Ball, location: 2F 1-2: Foul Ball, location: 2F 1-2: Ball 2-2: SINGLE (Line Drive, 34) Alan Hardy to second
|
Batting: RHB Eddie Davis
|
0-0: Ball 1-0: Ball 2-0: Fly out, F6 (Popup, 5F)
|
Bottom of the 4th over - 1 run(s), 2 hit(s), 0 error(s), 2 left on base; Galesburg 1 - Put-In-Bay 1 |
TOP OF THE 5TH |
Galesburg Guzzlers batting - Pitching for Put-In-Bay BC : RHP Juan Montoya
|
Batting: RHB Jim Unknown
|
0-0: Ball 1-0: Called Strike 1-1: Foul Ball, location: 2F 1-2: Ball 2-2: Foul Ball, location: 2F 2-2: Strikes out swinging
|
Batting: SHB José Macías
|
0-0: Ball 1-0: Foul Ball, location: 2F 1-1: Ball 2-1: Swinging Strike 2-2: Foul Ball, location: 2F 2-2: Ground out U3 (Groundball, 3)
|
Batting: RHB Javier Vásquez
|
0-0: Ball 1-0: Ball 2-0: Called Strike 2-1: Ground out 4-3 (Groundball, 4S)
|
Top of the 5th over - 0 run(s), 0 hit(s), 0 error(s), 0 left on base; Galesburg 1 - Put-In-Bay 1 |
BOTTOM OF THE 5TH |
Put-In-Bay BC batting - Pitching for Galesburg Guzzlers : RHP Sun-taek Ch'oe
|
Batting: LHB Felipe Martínez
|
0-0: Foul Ball, location: 2F 0-1: Foul Ball, location: 2F 0-2: DOUBLE (Line Drive, 9LM)
|
Batting: RHB Pil-joong Pak
|
0-0: Ball 1-0: Swinging Strike 1-1: Called Strike 1-2: Strikes out swinging
|
Batting: LHB Yannick Hendriksen
|
0-0: Called Strike 0-1: DOUBLE (Groundball, 3L) Felipe Martínez scores
|
Batting: RHB Pedro Pérez
|
0-0: Ball 1-0: Called Strike 1-1: Ball 2-1: Foul Ball, location: 2F 2-2: Fly out, F2 (Popup, 2LF)
|
Batting: LHB José Ortega
|
0-0: Ball 1-0: Called Strike 1-1: Foul Ball, location: 2F 1-2: Ball 2-2: Ball 3-2: Base on Balls
|
Batting: SHB Álex Gutiérrez
|
0-0: Ball 1-0: Fly out, F7 (Flyball, 7LD)
|
Bottom of the 5th over - 1 run(s), 2 hit(s), 0 error(s), 2 left on base; Galesburg 1 - Put-In-Bay 2 |
TOP OF THE 6TH |
Galesburg Guzzlers batting - Pitching for Put-In-Bay BC : RHP Juan Montoya
|
Batting: SHB Albert Santos
|
0-0: Ball 1-0: Ground out U3 (Groundball, 3S)
|
Batting: RHB José López
|
0-0: Ball 1-0: Foul Ball, location: 2F 1-1: Called Strike 1-2: Foul Ball, location: 2F 1-2: Foul Ball, location: 2F 1-2: Foul Ball, location: 2F 1-2: SINGLE (Groundball, 5D)
|
Batting: RHB Ethan Miller
|
0-0: Ball 1-0: Grounds into double play, 5-4-3 (Groundball, 5)
|
Top of the 6th over - 0 run(s), 1 hit(s), 0 error(s), 0 left on base; Galesburg 1 - Put-In-Bay 2 |
BOTTOM OF THE 6TH |
Put-In-Bay BC batting - Pitching for Galesburg Guzzlers : RHP Sun-taek Ch'oe
|
Batting: LHB Alan Hardy
|
0-0: Ball 1-0: Foul Ball, location: 2F 1-1: Foul Ball, location: 2F 1-2: Foul Ball, location: 2F 1-2: Ball 2-2: Foul Ball, location: 2F 2-2: Ball 3-2: Base on Balls
|
Pitching: RHP Pio Allori
|
|
Batting: RHB Ken Little
|
0-0: Bunted foul 0-1: Sac Bunt - play at first, batter OUT! 1-4 Alan Hardy to second
|
Batting: RHB Eddie Davis
|
0-0: Called Strike 0-1: Ball 1-1: Called Strike 1-2: SINGLE (Line Drive, 78S) Alan Hardy to third
|
Batting: LHB Felipe Martínez
|
0-0: Ball 1-0: Foul Ball, location: 2F 1-1: Ball 2-1: Ball 3-1: Swinging Strike 3-2: Foul Ball, location: 2F 3-2: Foul Ball, location: 2F 3-2: Strikes out swinging
|
Batting: RHB Pil-joong Pak
|
0-0: Called Strike 0-1: Called Strike 0-2: Foul Ball, location: 2F 0-2: Strikes out swinging
|
Bottom of the 6th over - 0 run(s), 1 hit(s), 0 error(s), 2 left on base; Galesburg 1 - Put-In-Bay 2 |
TOP OF THE 7TH |
Galesburg Guzzlers batting - Pitching for Put-In-Bay BC : RHP Juan Montoya
|
Batting: SHB Chris Williamson
|
0-0: Ball 1-0: Called Strike 1-1: Swinging Strike 1-2: Strikes out swinging
|
Batting: SHB Jim Unknown
|
0-0: Swinging Strike 0-1: Ball 1-1: Ground out 4-3 (Groundball, 4)
|
Batting: SHB Carlos Pérez
|
0-0: Called Strike 0-1: Ball 1-1: Called Strike 1-2: Ball 2-2: Ball 3-2: Strikes out looking
|
Top of the 7th over - 0 run(s), 0 hit(s), 0 error(s), 0 left on base; Galesburg 1 - Put-In-Bay 2 |
BOTTOM OF THE 7TH |
Put-In-Bay BC batting - Pitching for Galesburg Guzzlers : RHP Pio Allori
|
Batting: LHB Yannick Hendriksen
|
0-0: Ball 1-0: Ball 2-0: Called Strike 2-1: Called Strike 2-2: Ball 3-2: Foul Ball, location: 2F 3-2: SOLO HOME RUN (Flyball, 9D), Distance : 372 ft
|
Batting: RHB Pedro Pérez
|
0-0: Ball 1-0: Ball 2-0: Foul Ball, location: 2F 2-1: Ground out 5-3 (Groundball, 5S)
|
Batting: LHB José Ortega
|
0-0: Called Strike 0-1: Ball 1-1: Ball 2-1: Ground out 4-3 (Groundball, 4)
|
Batting: SHB Álex Gutiérrez
|
0-0: Called Strike 0-1: Ball 1-1: Fly out, F4 (Line Drive, 4)
|
Bottom of the 7th over - 1 run(s), 1 hit(s), 0 error(s), 0 left on base; Galesburg 1 - Put-In-Bay 3 |
TOP OF THE 8TH |
Galesburg Guzzlers batting - Pitching for Put-In-Bay BC : RHP Juan Montoya
|
Batting: RHB Jim Unknown
|
0-0: Ball 1-0: Fly out, F8 (Flyball, 8RM)
|
Batting: SHB José Macías
|
0-0: Ball 1-0: Ground out U3 (Groundball, 3)
|
Batting: RHB Javier Vásquez
|
0-0: Ground out U3 (Groundball, 3)
|
Top of the 8th over - 0 run(s), 0 hit(s), 0 error(s), 0 left on base; Galesburg 1 - Put-In-Bay 3 |
BOTTOM OF THE 8TH |
Put-In-Bay BC batting - Pitching for Galesburg Guzzlers : RHP Pio Allori
|
Batting: LHB Alan Hardy
|
0-0: DOUBLE (Line Drive, 8LM)
|
Batting: RHB Ken Little
|
0-0: Called Strike 0-1: Called Strike 0-2: Ball 1-2: Fly out, F9 (Flyball, 9LM)
|
Batting: RHB Eddie Davis
|
0-0: Called Strike 0-1: Ground out 6-3 (Groundball, 6) Alan Hardy to third
|
Batting: LHB Felipe Martínez
|
0-0: Fly out, F4 (Line Drive, 4)
|
Bottom of the 8th over - 0 run(s), 1 hit(s), 0 error(s), 1 left on base; Galesburg 1 - Put-In-Bay 3 |
TOP OF THE 9TH |
Galesburg Guzzlers batting - Pitching for Put-In-Bay BC : RHP Juan Montoya
|
Pitching: RHP Elvin Glass
|
|
Batting: SHB Albert Santos
|
0-0: Ball 1-0: Ball 2-0: Foul Ball, location: 2F 2-1: Ball 3-1: Foul Ball, location: 2F 3-2: Ground out U3 (Groundball, 3)
|
Batting: RHB José López
|
0-0: SINGLE (Line Drive, 9LM)
|
Pinch Hitting: SHB Jim Unknown
|
0-0: Called Strike 0-1: Ball 1-1: Swinging Strike 1-2: Fielders Choice at 2nd, 1-6 (Groundball, 23)
|
Batting: SHB Chris Williamson
|
0-0: Called Strike 0-1: Fly out, F7 (Popup, 78S)
|
Top of the 9th over - 0 run(s), 1 hit(s), 0 error(s), 1 left on base; Galesburg 1 - Put-In-Bay 3 |
|